Map: Acropolis LE

Players

Silky - Winner!

  • Race: Zerg Zerg
  • Spawn Location: 11:00

Dolan

  • Race: Terran Terran
  • Spawn Location: 5:00

VOD

Have the link to the VOD?

Description

Time

  • Played on: Sept. 6, 2019, 2:14 p.m.
  • Length: 18:37
Show
View Real Time Build Order
Export as new Build Order

Silky Zerg - Winner!

Build Orders: Hatch First, Swarm Host, Ravager All-In 

Get SALT Encoding   

  12  0:00  Drone  
  13  0:12  Overlord  
  13  0:16  Drone  
  14  0:30  Drone x2  
  16  0:47  Hatchery  
  15  0:51  Drone  
  15  0:55  Drone  
  17  0:58  Drone  
  18  1:09  Extractor  
  17  1:15  Spawning Pool  
  17  1:16  Drone  
  17  1:21  Drone  
  18  1:28  Drone  
  19  1:39  Drone  
  20  2:02  Roach Warren, Queen  
  20  2:04  Drone x2  
  20  2:05  Zergling x2  
  20  2:06  Extractor  
  23  2:12  Overlord  
  23  2:26  Drone  
  24  2:37  Queen  
  24  2:42  Roach x3  
  24  2:43  Roach x2  
  36  2:54  Overlord  
  36  3:00  Overlord  
  36  3:04  Spore Crawler, Ravager  
  37  3:16  Ravager  
  37  3:19  Ravager  
  39  3:21  Drone  
  39  3:23  Ravager  
  39  3:26  Roach  
  43  3:32  Queen  
  45  3:41  Ravager  
  46  4:01  Overlord x2  
  46  4:09  Hatchery  
  45  4:12  Drone  
  45  4:14  Lair  
  46  4:26  Drone x3  
  46  4:48  Drone x4  
  47  4:57  Drone  
  48  5:04  Hatchery  
  47  5:10  Drone  
  47  5:13  Overseer  
  48  5:15  Spore Crawler  
  48  5:18  Drone  
  42  5:23  Drone  
  42  5:26  Queen  
  45  5:30  Drone x3  
  45  5:34  Metabolic Boost  
  48  5:36  Drone  
  48  5:37  Overseer  
  49  5:44  Drone x3  
  49  5:54  Drone x4  
  53  5:57  Overlord  
  53  5:59  Roach x2  
  53  6:03  Drone  
  57  6:06  Drone  
  57  6:10  Drone  
  59  6:16  Spore Crawler  
  58  6:19  Glial Reconstitution  
  58  6:20  Drone x3  
  58  6:22  Queen  
  63  6:27  Queen  
  63  6:29  Drone x3  
  68  6:34  Queen  
  70  6:40  Overlord  
  70  6:41  Drone x3  
  70  6:43  Overlord  
  73  6:50  Spire  
  73  6:51  Overlord  
  73  6:52  Drone  
  73  7:03  Drone x4  
  73  7:04  Drone  
  78  7:08  Queen, Extractor  
  78  7:10  Extractor  
  78  7:12  Hatchery  
  78  7:14  Drone x3  
  77  7:21  Drone x2  
  77  7:22  Drone  
  79  7:24  Drone x3  
  79  7:28  Drone x4  
  86  7:32  Extractor  
  86  7:33  Extractor  
  86  7:36  Queen  
  86  7:37  Drone  
  86  7:41  Overlord  
  87  7:47  Drone x2  
  87  7:48  Drone  
  90  7:59  Queen  
  90  8:04  Corruptor x4  
  100  8:09  Overlord x3  
  100  8:10  Corruptor  
  102  8:14  Queen  
  102  8:16  Drone  
  105  8:20  Zerg Flyer Armor Level 1, Evolution Chamber  
  105  8:21  Evolution Chamber  
  105  8:24  Drone  
  104  8:30  Drone  
  104  8:31  Drone x8  
  111  8:38  Drone  
  111  8:39  Drone x4  
  116  8:43  Baneling Nest  
  116  8:46  Drone x3  
  122  9:02  Overlord  
  122  9:03  Roach  
  122  9:04  Roach x2  
  124  9:10  Extractor, Drone  
  124  9:11  Extractor  
  124  9:12  Hatchery  
  124  9:15  Infestation Pit  
  124  9:17  Zergling x16  
  122  9:20  Zerg Missile Weapons Level 1  
  122  9:21  Zerg Ground Armor Level 1  
  122  9:22  Overlord  
  129  9:40  Spore Crawler  
  128  9:49  Overlord  
  128  9:51  Drone  
  128  9:52  Swarm Host x4  
  132  9:56  Nydus Network  
  140  10:02  Overlord x3  
  140  10:04  Hive  
  140  10:08  Swarm Host x3  
  140  10:13  Overlord x2  
  149  10:18  Zerg Flyer Armor Level 2  
  149  10:31  Drone x2  
  149  10:32  Spine Crawler x3, Drone  
  149  10:37  Swarm Host x4, Nydus Canal  
  149  10:38  Swarm Host x3  
  149  10:41  Roach x8  
  149  10:42  Baneling x2  
  186  10:43  Baneling x5  
  186  10:52  Nydus Canal  
  186  11:05  Roach x6  
  188  11:26  Ravager x9  
  188  11:27  Overlord x2  
  189  11:38  Ravager x7  
  190  11:46  Queen  
  178  12:00  Roach x5  
  178  12:01  Roach x10  
  169  12:09  Zergling x28, Roach  
  173  12:24  Zergling x2, Roach x12  
  176  12:31  Roach  
  176  12:34  Roach x4  
  172  12:41  Roach  
  172  12:44  Hatchery  
  167  12:45  Greater Spire  
  167  12:46  Zerg Missile Weapons Level 2  
  167  12:47  Zerg Ground Armor Level 2  
  167  12:50  Swarm Host x2  
  167  12:51  Swarm Host  
  170  12:53  Drone x12  
  177  13:00  Overlord  
  177  13:02  Ravager  
  177  13:03  Ravager x3, Drone x2  
  177  13:04  Drone x2  
  185  13:10  Overlord  
  185  13:12  Swarm Host x2  
  188  13:18  Nydus Canal  
  191  13:20  Zergling x2  
  191  13:21  Zergling x16  
  200  13:32  Extractor  
  200  13:33  Nydus Canal  
  185  13:34  Extractor  
  176  13:43  Roach x6  
  176  13:44  Roach x7  
  176  13:46  Nydus Canal  
  180  13:57  Roach  
  180  13:58  Roach x13  
  184  14:06  Swarm Host x5  
  199  14:16  Roach x2  
  196  14:33  Ravager x3  
  196  14:34  Overlord  
  199  14:40  Spore Crawler x4  
  199  14:43  Nydus Canal  
  195  14:49  Viper x3  
  167  15:01  Roach x11  
  189  15:09  Ravager  
  189  15:10  Ravager x3  
  181  15:27  Roach x7  
  181  15:28  Roach x4  
  200  15:30  Ravager x4  
  200  15:34  Overlord  
  190  15:48  Ravager x2  
  185  15:57  Ravager x7  
  182  16:00  Roach x4  
  182  16:01  Roach  
  189  16:16  Drone x2  
  187  16:21  Hatchery  
  171  16:40  Corruptor x6  
  177  16:50  Baneling  
  174  17:01  Queen  
  176  17:12  Hatchery  
  172  17:21  Drone x7  
  172  17:22  Drone x11  
  177  17:25  Roach  
  177  17:26  Roach x2  
  177  17:28  Brood Lord x6  
  183  17:38  Corruptor x7  
  197  17:45  Nydus Canal  
  197  17:55  Overlord  
  197  18:10  Extractor  
  197  18:12  Extractor  
  199  18:21  Ravager  
  199  18:26  Hatchery  
Show
View Real Time Build Order
Export as new Build Order

Dolan Terran 

Build Orders: Mech 

Get SALT Encoding   

  12  0:00  SCV  
  13  0:12  SCV  
  14  0:17  Supply Depot  
  14  0:25  SCV  
  15  0:39  Barracks  
  15  0:50  Barracks  
  15  0:54  SCV  
  16  1:06  SCV  
  16  1:08  Refinery  
  17  1:18  SCV  
  18  1:26  Marine  
  18  1:31  Orbital Command  
  19  1:35  Supply Depot  
  19  1:37  Marine  
  20  1:50  Bunker  
  20  1:51  Marine  
  21  1:58  Bunker  
  21  2:01  Marine  
  22  2:10  Bunker  
  22  2:14  SCV  
  23  2:17  Marine  
  24  2:24  Marine  
  24  2:26  SCV  
  26  2:36  Factory  
  26  2:38  SCV  
  26  2:40  Marine  
  28  2:46  Supply Depot  
  28  2:51  Marine  
  28  2:57  Marine  
  30  2:59  SCV  
  31  3:08  Refinery  
  32  3:14  SCV  
  33  3:23  Factory Tech Lab  
  33  3:25  Starport  
  33  3:26  SCV  
  33  3:38  SCV  
  33  4:01  Cyclone, Starport Tech Lab  
  34  4:04  Command Center  
  34  4:05  SCV  
  35  4:17  SCV  
  35  4:19  Fusion Core  
  36  4:26  Banshee  
  39  4:38  Supply Depot  
  39  4:51  Supply Depot  
  36  5:00  SCV  
  36  5:02  Siege Tank, Supply Depot  
  38  5:12  SCV  
  39  5:24  SCV, Orbital Command  
  39  5:31  Barracks Reactor  
  39  5:36  SCV  
  40  5:43  Orbital Command  
  40  5:48  SCV  
  41  5:54  Battlecruiser  
  47  5:58  Command Center  
  47  6:00  SCV  
  48  6:11  Refinery  
  48  6:15  SCV  
  48  6:16  SCV  
  50  6:22  Refinery  
  50  6:24  Hellion x2  
  54  6:28  SCV x2  
  56  6:40  SCV x2  
  58  6:52  SCV x2, Factory  
  58  6:53  Factory, Hellion x2  
  64  6:58  Supply Depot, Barracks Tech Lab  
  64  7:04  SCV x2, Supply Depot  
  66  7:16  SCV x2  
  66  7:22  Orbital Command  
  70  7:23  Hellion x2  
  72  7:31  Factory  
  72  7:33  Factory  
  72  7:34  SCV x2  
  72  7:35  Starport Reactor  
  72  7:36  Siege Tank  
  77  7:42  Armory  
  77  7:45  Cyclone  
  77  7:47  SCV  
  77  7:48  SCV  
  81  7:58  Orbital Command  
  81  8:00  SCV x2  
  81  8:02  Hellion x2  
  87  8:14  Siege Tank  
  87  8:16  Supply Depot  
  87  8:17  Supply Depot  
  90  8:21  SCV x2  
  90  8:24  Infernal Pre-Igniter  
  90  8:25  SCV, Starport Reactor  
  93  8:33  SCV x2, Refinery  
  95  8:35  Refinery  
  95  8:36  Siege Tank x2  
  95  8:38  Hellion x3  
  107  8:44  Supply Depot  
  107  8:53  Siege Tank  
  107  8:54  Hellion  
  107  8:55  Supply Depot  
  112  9:07  Engineering Bay  
  112  9:10  Siege Tank x2  
  112  9:11  Hellion  
  112  9:14  Terran Vehicle Weapons Level 1  
  112  9:16  SCV  
  121  9:17  SCV  
  121  9:18  Liberator x2, SCV  
  123  9:36  Hellion x2  
  123  9:37  Hellion x2  
  134  9:47  Siege Tank x2  
  140  9:53  Supply Depot  
  140  9:54  Supply Depot  
  140  10:01  Siege Tank, Hellion x2  
  140  10:02  Hellion  
  140  10:06  Supply Depot  
  149  10:08  Supply Depot  
  149  10:15  Hellion  
  149  10:19  Mag-Field Accelerator, Cyclone, Supply Depot  
  154  10:22  Supply Depot x2  
  154  10:27  Liberator x2  
  154  10:29  Cyclone  
  154  10:30  Hellion x2  
  154  10:32  Hellion  
  163  10:36  SCV  
  163  10:37  SCV x2  
  166  10:48  Cyclone  
  175  10:58  Siege Tank, Hellion  
  175  10:59  Hellion  
  182  11:14  Siege Tank, Hellion x2  
  179  11:20  Hellion  
  181  11:28  Siege Tank  
  181  11:29  Liberator x2, Hellion  
  169  11:44  Siege Tank  
  169  11:45  Hellion x3  
  169  11:46  Hellion  
  174  12:07  Siege Tank, Hellion  
  174  12:08  Hellion x2  
  161  12:09  Hellion  
  161  12:17  Siege Tank  
  156  12:23  Siege Tank  
  156  12:26  Liberator x2  
  156  12:29  Hellion x3  
  145  12:30  Hellion  
  126  12:39  Siege Tank  
  122  12:49  Siege Tank  
  122  12:50  Hellion  
  121  13:01  Siege Tank, Hellion x3  
  130  13:09  Orbital Command  
  130  13:11  Siege Tank  
  130  13:12  Hellion  
  135  13:20  Refinery  
  135  13:21  Siege Tank  
  135  13:22  Hellion x2  
  135  13:23  Hellion, Refinery  
  142  13:33  Liberator x2, Siege Tank  
  121  13:43  Siege Tank  
  121  13:44  Hellion x2  
  128  13:49  Hellion x2  
  128  13:53  Siege Tank  
  141  14:02  SCV x2  
  140  14:05  Hellion x2  
  140  14:07  SCV  
  145  14:14  SCV x2  
  141  14:19  SCV  
  136  14:25  Liberator x2  
  136  14:26  SCV x2  
  139  14:31  SCV  
  139  14:38  SCV x2  
  141  14:40  Siege Tank x3  
  141  14:41  Hellion x4  
  143  15:03  Hellion x4  
  151  15:12  Siege Tank x2  
  153  15:14  Liberator x2  
  153  15:17  Hellion  
  146  15:24  Hellion x2  
  146  15:25  Hellion  
  138  15:31  Hellion  
  140  15:37  SCV x3  
  140  15:39  Command Center, Hellion  
  140  15:41  Command Center  
  140  15:42  Factory  
  145  15:45  Hellion  
  135  15:57  Thor  
  133  15:58  Hellion x3  
  133  16:00  Siege Tank  
  144  16:05  SCV x3  
  143  16:14  Viking x2  
  143  16:17  SCV x3  
  150  16:24  Hellion x4  
  149  16:29  SCV x3  
  136  16:42  Siege Tank x3  
  136  16:44  Viking  
  142  16:50  Hellion x3  
  142  16:52  Orbital Command  
  148  17:04  SCV  
  148  17:07  Sensor Tower  
  149  17:10  Factory Tech Lab, Armory  
  115  17:33  Siege Tank x2, Hellion x2  
  119  17:39  Hellion  
  119  17:50  Hellion  
  119  17:51  Cyclone  
  118  17:55  Orbital Command  
  116  18:01  Siege Tank  
  116  18:02  Orbital Command  
  114  18:13  Hellion  
Tags
 
Composition
MechSwarm Host
Matchup
TvZ
Spawn Locations
Cross Positions
Add a new tag
Caveats
  • Supply blocks, unpowered buildings, or Contaminate may cause inaccurate times.
  • Supply counts are checked every 10 seconds.